 Dungeon Crawl Stone Soup version 0.22-a0-305-gd21a89c (webtiles) character file.

7925 grindst0ne the Basher (level 11, -3/81 HPs)
             Began as a Mummy Fighter on Mar 28, 2018.
             Was an Initiate of Gozag.
             Killed by divine providence
             ... invoked by an orc priest
              (15 damage)
             ... on level 9 of the Dungeon.
             The game lasted 00:21:02 (9784 turns).

grindst0ne the Basher (Mummy Fighter)               Turns: 9784, Time: 00:21:02

Health: -3/81      AC: 23    Str: 22    XL:     11   Next: 3%
Magic:  11/11      EV:  7    Int:  8    God:    Gozag
Gold:   697        SH: 14    Dex: 12    Spells: 10/10 levels left

rFire    x . .     SeeInvis .   w - +2 morningstar (crush)
rCold    + . .     Gourm    .   c - +0 shield
rNeg     + + +     Faith    .   k - +3 plate armour
rPois    ∞         Spirit   .   l - +0 helmet
rElec    .         Reflect  +   e - +0 cloak
rCorr    .         Harm     .   n - +2 pair of gloves
MR       ++++.                  r - +0 pair of boots
Stlth    ..........             h - +3 amulet of reflection
HPRegen  0.23/turn              q - ring "Peeghaoc" {+Fly MR+++}
MPRegen  0.12/turn              f - +3 ring of protection

@: gold aura
A: no food or potions, fire vulnerability, cold resistance 1, negative energy
resistance 3, torment resistance, unbreathing
a: Potion Petition, Call Merchant, Bribe Branch, Renounce Religion, Evoke Flight


You were on level 9 of the Dungeon.
You worshipped Gozag.
Gozag was pleased with you.
You were not hungry.

You visited 1 branch of the dungeon, and saw 9 of its levels.
You also visited: Sewer and Ossuary.

You collected 1752 gold pieces.
You spent 1001 gold pieces at shops.
You paid 54 gold pieces to Gozag.

Inventory:

Hand Weapons
 w - a +2 morningstar of crushing (weapon)
Missiles
 b - 4 tomahawks of returning (quivered)
Armour
 c - a +0 shield (worn)
 e - a +0 cloak (worn)
 k - a +3 plate armour (worn)
 l - a +0 helmet (worn)
 n - a +2 pair of gloves (worn)
 r - a +0 pair of boots (worn)
Jewellery
 d - an uncursed ring of resist corrosion
 f - a +3 ring of protection (right hand)
 h - a +3 amulet of reflection (around neck)
 q - the ring "Peeghaoc" (left hand) {+Fly MR+++}
   (You bought it in a shop on level 8 of the Dungeon)

   [ring of flight]

   It affects your resistance to hostile enchantments.
   It lets you fly.
Wands
 s - a wand of digging (11)
 t - a wand of iceblast (16)
 u - a wand of flame (14)
Scrolls
 a - a scroll of fear
 g - 7 scrolls of identify
 i - 7 scrolls of teleportation
 j - 2 scrolls of magic mapping
 m - a scroll of enchant armour
 o - a scroll of fog
 p - 2 scrolls of enchant weapon
 v - 9 scrolls of remove curse


   Skills:
 + Level 6.2 Fighting
 + Level 9.7 Maces & Flails
 - Level 2.4 Armour
 + Level 4.4 Dodging
 - Level 9.0 Shields


You had 10 spell levels left.
You didn't know any spells.

Dungeon Overview and Level Annotations

Branches:
Dungeon (9/15)             Temple (0/1) D:6             Orc (0/2) D:9
   Lair: D:8-11

Altars:
Ashenzari
Elyvilon
Gozag
Makhleb
Nemelex Xobeh
Sif Muna
Trog
Xom
The Shining One
Beogh

Shops:
D:7 *   D:8 :=(!(

Annotations:
D:5 exclusion: downstairs


Innate Abilities, Weirdness & Mutations

You do not eat or drink.
Your flesh is vulnerable to fire.
You are immune to poison.
Your flesh is cold resistant. (rC+)
You are immune to negative energy. (rN+++)
You are immune to unholy pain and torment.
You can survive without breathing.


Message History

Things that are here:
7 gold pieces; a dire flail; a plate armour You hit the orc warrior but do no damage.
You block the orc warrior's attack.
Your plate armour prevents you from hitting the orc warrior.
The orc priest calls down the wrath of Beogh upon you.
Beogh smites you!
* * * LOW HITPOINT WARNING * * *
You block the orc warrior's attack.
You hit the orc warrior but do no damage.
The orc warrior hits you with a halberd!
* * * LOW HITPOINT WARNING * * *
You barely miss the orc warrior.
The orc warrior hits you with a halberd.
* * * LOW HITPOINT WARNING * * *
You block the orc warrior's attack.
The orc priest invokes the aid of Beogh against you.
Beogh smites you!
You die...
Your body crumbles into a pile of gold.

####........................# ###
............................# #..
.###........................# #.^
............................# #.^
8≈≈≈≈≈≈≈≈≈≈≈≈≈≈≈≈≈≈≈≈≈≈≈≈≈≈.###.^
≈8≈≈≈≈≈≈≈≈≈≈≈≈≈≈≈≈≈≈≈≈≈≈≈≈≈......
≈≈.'#####################≈≈..####
≈≈.#..................≈o#≈≈.##
≈≈##............@.$o..# #≈≈.#
)............8.........>#≈≈.#
≈≈##..................###≈≈.#####
≈≈.#..................≈o#≈≈......
≈≈.'#####################≈≈.##...
≈8≈≈≈≈≈≈≈≈≈≈≈≈≈≈≈≈≈≈≈≈≈≈≈≈≈.##..#
8≈≈≈≈≈≈≈≈≈≈≈≈≈≈≈≈≈≈≈≈≈≈≈≈≈≈.##..#
............................##...
.................................


You could see an orc warrior and 2 orc priests.

Vanquished Creatures
  Erolcha (D:9)
  A two-headed ogre (D:6)
  Pikel (D:5)
  Joseph (D:7)
  Maurice (D:9)
  A troll (D:9)
  A hornet (D:8)
  Grinder (D:5)
  4 yaks
  Eustachio (D:4)
  Menkaure (D:4)
  The ghost of Soeti the Insei, an amateur OpTm of Cheibriados (D:3)
  A soldier ant (D:8)
  A water moccasin (D:8)
  4 orc warriors
  Purgy (Sewer)
  4 ice beasts
  A sky beast (D:9)
  3 slaves (D:5)
  A centaur (D:7)
  A big kobold (D:4)
  4 bullfrogs
  4 scorpions
  7 wights
  4 howler monkeys
  An electric eel (D:9)
  A bullfrog zombie (D:7)
  2 crimson imps (D:7)
  2 quasits (D:9)
  A jelly (D:9)
  4 bullfrog skeletons
  11 orc wizards
  10 orc priests
  4 iguanas
  A centaur skeleton (D:7)
  5 worker ants
  8 mummies (Ossuary)
  A gnoll (D:1)
  10 adders
  A river rat (D:6)
  An adder zombie (D:5)
  2 worms
  5 dart slugs
  5 leopard geckos
  65 orcs
  3 giant cockroaches
  2 gnoll zombies (Ossuary)
  4 goblins
  7 hobgoblins
  14 jackals
  4 quokkas
  3 ball pythons
  11 bats
  12 frilled lizards
  A hobgoblin zombie (Ossuary)
  2 jackal zombies
  9 kobolds
  4 kobold zombies (Ossuary)
  An orc zombie (Ossuary)
  2 quokka skeletons
  2 quokka zombies
  6 rats
278 creatures vanquished.

Vanquished Creatures (others)
  A centaur (D:5)
  An orc (D:8)
2 creatures vanquished.

Grand Total: 280 creatures vanquished

Notes
Turn   | Place    | Note
-------+----------+-------------------------------------------
     0 | D:1      | grindst0ne the Mummy Fighter began the quest for the Orb.
     0 | D:1      | Reached XP level 1. HP: 18/18 MP: 1/1
    13 | D:1      | Found a sparkling altar of Nemelex Xobeh.
    41 | D:1      | Reached XP level 2. HP: 14/24 MP: 2/2
   295 | D:1      | Reached XP level 3. HP: 25/29 MP: 3/3
   834 | D:2      | Reached XP level 4. HP: 34/35 MP: 4/4
   922 | D:2      | Found a faded altar of an unknown god.
  1363 | D:3      | Noticed Soeti's ghost (amateur OpTm)
  1400 | D:3      | Killed Soeti's ghost
  1400 | D:3      | Reached XP level 5. HP: 23/41 MP: 5/5
  1873 | D:3      | Found a bloodstained altar of Trog.
  1919 | D:4      | Noticed Menkaure
  1928 | D:4      | Killed Menkaure
  1928 | D:4      | Reached XP level 6. HP: 35/47 MP: 6/6
  2089 | D:4      | Reached skill level 5 in Shields
  2089 | D:4      | Reached XP level 7. HP: 42/52 MP: 7/7
  2540 | D:4      | Found a deep blue altar of Sif Muna.
  2623 | D:4      | Found a white marble altar of Elyvilon.
  2849 | D:4      | Noticed Eustachio
  2892 | D:4      | Killed Eustachio
  2892 | D:4      | Reached skill level 5 in Maces & Flails
  2985 | D:5      | Entered Level 5 of the Dungeon
  3089 | D:5      | Found a shattered altar of Ashenzari.
  3118 | D:5      | Reached XP level 8. HP: 40/58 MP: 8/8
  3342 | D:5      | Noticed Pikel
  3378 | D:5      | Killed Pikel
  3722 | D:5      | Found a sparkling altar of Nemelex Xobeh.
  3722 | D:5      | Found an opulent altar of Gozag.
  3728 | D:5      | Became a worshipper of Gozag Ym Sagoz the Greedy
  3777 | D:5      | Found a glowing golden altar of the Shining One.
  3998 | D:5      | Noticed Grinder
  4005 | D:5      | Paralysed by Grinder for 5 turns
  4023 | D:5      | Killed Grinder
  4230 | D:5      | Reached XP level 9. HP: 58/63 MP: 9/9
  4373 | D:6      | Found a staircase to the Ecumenical Temple.
  4460 | D:6      | Found a glowing drain.
  4486 | Sewer    | Entered a sewer
  4574 | Sewer    | Noticed Purgy
  4595 | Sewer    | Killed Purgy
  4630 | D:6      | Noticed a two-headed ogre
  5396 | D:6      | Found a burning altar of Makhleb.
  5499 | D:6      | Killed a two-headed ogre
  5958 | D:7      | Found Juvvobeg's General Store.
  5969 | D:7      | Bought a +0 pair of boots for 67 gold pieces
  6304 | D:7      | Noticed Joseph
  6337 | D:7      | Killed Joseph
  6337 | D:7      | Reached skill level 1 in Dodging
  6388 | D:7      | Reached XP level 10. HP: 18/70 MP: 10/10
  7366 | D:8      | Found Ykhac's Antique Weapon Emporium.
  7374 | D:8      | Bought a runed morningstar for 175 gold pieces
  7441 | D:8      | Found Arpho Zam's Jewellery Shop.
  7682 | D:8      | Found a sand-covered staircase.
  7691 | Ossuary  | Entered an ossuary
  8078 | D:8      | Bought the ring "Peeghaoc" {+Fly MR+++} for 535 gold pieces
  8196 | D:8      | Found Loam's Antique Weapon Emporium.
  8201 | D:8      | Bought a glowing morningstar for 224 gold pieces
  8215 | D:8      | Found a roughly hewn altar of Beogh.
  8338 | D:8      | Found Raitegg's Distillery.
  8386 | D:8      | Found a sparkling altar of Nemelex Xobeh.
  8558 | D:8      | Found Hurgh's Book Shop.
  8614 | D:9      | Found a shimmering altar of Xom.
  8887 | D:9      | Reached skill level 5 in Fighting
  9323 | D:9      | Noticed Erolcha
  9337 | D:9      | Killed Erolcha
  9621 | D:9      | Noticed Maurice
  9675 | D:9      | Killed Maurice
  9675 | D:9      | Reached XP level 11. HP: 79/81 MP: 11/11
  9772 | D:9      | Found a staircase to the Orcish Mines.
  9784 | D:9      | Killed from afar by an orc priest

Vault maps used:
D:1:      lightli_arrival_maybe_door_vault, nemelex_xobeh_ov_fountains_minmay
D:2:      minmay_wonky_spiral, chequers_ecumenical_altar_simple
D:3:      bloody_trog, first_ration, st_stairs_6
D:4:      kennysheep_spiral_hall, kennysheep_mini, led_sif_pool, uniq_eustachio,
          uniq_menkaure
D:5:      grunt_temple_overflow_opulence, tso_altar, basic_altar, uniq_pikel,
          uniq_grinder
D:6:      marbit_many_paths, minmay_temple_entry_mist, portal_sewer_entry_a,
          kennysheep_generic_room_12
D:7:      serial_shops, nicolae_shop_statue_plus, uniq_joseph
D:8:      chequers_ossuary_entry_cave, special_room, serial_shops, shop,
          shop_fountains, nicolae_shop_crystal, shop, kennysheep_mini_moat,
          hangedman_pestilent_swarm, nemelex_diamond_rough_becter
D:9:      erik_orc_2, xom_teletrap_fun, uniq_erolcha, uniq_maurice
Sewer:    sewer_co_purgy_island
Ossuary:  ossuary_tomb_3

Skill      XL: |  1  2  3  4  5  6  7  8  9 10 |
---------------+-------------------------------+-----
Maces & Flails | 2 3 4 5 7 8 9 |  9.7
Shields        | 3 4 5 6 7 8 9 |  9.0
Dodging        | 1 4 |  4.4
Fighting       | 6 |  6.2
Armour         | |  2.4

Action                   |  1- 3 |  4- 6 |  7- 9 | 10-12 || total
-------------------------+-------+-------+-------+-------++-------
Melee: Flail             |   143 |   234 |       |       ||   377
       Short sword       |       |       |   246 |   154 ||   400
       Whip              |       |       |   258 |    91 ||   349
       Morningstar       |       |       |       |   262 ||   262
Invok: Potion Petition   |       |       |       |     1 ||     1
Evoke: Wand              |       |       |     1 |       ||     1
  Use: Scroll            |       |     8 |     4 |     1 ||    13
 Stab: Distracted        |       |       |       |     3 ||     3
Armor: Scale mail        |    94 |   120 |       |       ||   214
       Plate armour      |       |    42 |   253 |   213 ||   508
Dodge: Dodged            |    59 |   118 |    66 |    78 ||   321
Block: Shield            |    98 |    12 |   196 |   338 ||   644
       Buckler           |       |    93 |    93 |       ||   186
       Reflection        |       |       |     5 |    15 ||    20

Table legend:
 A = Spawn XP
 B = Non-spawn XP
 C = Spawn XP percentage of total XP
 D = Spawn monster count
 E = Non-spawn monster count
 F = Spawn count percentage of total count
 G = Total turns spent on level
                    A         B        C        D         E        F      G
               +---------+---------+-------+---------+---------+-------+---------
         Total |       0 |   11322 |   0.0 |       0 |     277 |   0.0 |  9784
               +---------+---------+-------+---------+---------+-------+---------
           D:1 |       0 |      59 |   0.0 |       0 |      25 |   0.0 |   416
           D:2 |       0 |      75 |   0.0 |       0 |      26 |   0.0 |   847
           D:3 |       0 |     230 |   0.0 |       0 |      23 |   0.0 |   644
           D:4 |       0 |     832 |   0.0 |       0 |      27 |   0.0 |  1078
           D:5 |       0 |    1870 |   0.0 |       0 |      34 |   0.0 |  1909
           D:6 |       0 |    1592 |   0.0 |       0 |      18 |   0.0 |   837
           D:7 |       0 |    1132 |   0.0 |       0 |      17 |   0.0 |  1484
           D:8 |       0 |    2191 |   0.0 |       0 |      50 |   0.0 |  1238
           D:9 |       0 |    3046 |   0.0 |       0 |      35 |   0.0 |   925
         Sewer |       0 |     142 |   0.0 |       0 |       6 |   0.0 |   137
       Ossuary |       0 |     153 |   0.0 |       0 |      16 |   0.0 |   269
               +---------+---------+-------+---------+---------+-------+---------
